 Dungeon Crawl Stone Soup version 0.30-a0-424-g7412bad402 (webtiles) character file.

Game seed: 16992376704582429949

987 AigisTheKnight the Firebug (level 8, -3/49 HPs)
             Began as a Tengu Fire Elementalist on Dec 10, 2022.
             Slain by a vampire mosquito (5 damage)
             ... on level 4 of the Dungeon.
             The game lasted 00:11:11 (6622 turns).

AigisTheKnight the Firebug (TeFE)                   Turns: 6622, Time: 00:11:12

Health: -3/49      AC:  3    Str:  8    XL:     8   Next: 18%
Magic:  0/12       EV: 15    Int: 18    God:
Gold:   293        SH:  0    Dex: 15    Spells: 8/11 levels left

rFire   . . .      SeeInvis .    p - +1 dagger (venom)
rCold   . . .      Faith    .    (no shield)
rNeg    . . .      Spirit   .    q - +0 leather armour
rPois   .          Reflect  .    (helmet restricted)
rElec   .          Harm     .    (no cloak)
rCorr   .          Rampage  .    (no gloves)
Will    .....                    (boots unavailable)
Stlth   ++........               (no amulet)
HPRegen 0.28/turn                (no ring)
MPRegen 0.13/turn                (no ring)

@: flying quickly and evasively, quick
A: beak, talons 3, nimble flight
a: no special abilities


You were on level 4 of the Dungeon.
You visited 1 branch of the dungeon, and saw 5 of its levels.

You collected 293 gold pieces.

Inventory:

Hand Weapons
 c - a +0 dagger
 m - a +0 club
 n - a +2 whip of draining
 p - a +1 dagger of venom (weapon)
Armour
 a - a +0 robe
 q - a +0 leather armour (worn)
Magical Staves
 e - a staff of cold
Jewellery
 w - a ring of willpower
 y - a ring of poison resistance
Scrolls
 d - 2 scrolls of fear {unknown}
 g - 2 scrolls of blinking {unknown}
 h - 4 scrolls of identify {unknown}
 i - 2 scrolls of silence {unknown}
 j - 4 scrolls of amnesia {unknown}
 o - a scroll of magic mapping {unknown}
 r - a scroll of noise {unknown}
 s - a scroll of immolation {unknown}
 t - a scroll of torment {unknown}
 x - 2 scrolls of teleportation {unknown}
Potions
 b - a potion of magic
 f - 2 potions of heal wounds {unknown}
 k - 2 potions of curing {unknown}
 l - a potion of haste
 u - a potion of lignification {unknown}
 v - a potion of might {unknown}
 z - a potion of brilliance {unknown}


   Skills:
 + Level 5.2 Fighting
 + Level 4.3 Dodging
 - Level 2.0 Stealth
 - Level 2.0 Spellcasting
 - Level 1.3 Conjurations
 + Level 2.6 Translocations
 + Level 6.8 Fire Magic


You had 8 spell levels left.
You knew the following spells:

 Your Spells              Type           Power      Damage    Failure   Level
a - Foxfire               Conj/Fire      64%        2x1d7     4%          1
b - Scorch                Fire           52%        2d7       2%          2

Your spell library contained the following spells:

 Spells                   Type           Power      Damage    Failure   Level
 Blink                    Tloc           22%        N/A       14%         2
 Momentum Strike          Conj/Tloc      16%        3d8       19%         2
 Inner Flame              Hex/Fire       14%        N/A       19%         3
 Kindle Blastsparks       Fire/Tloc/Air  26%        2d12      22%         3
 Beastly Appendage        Tmut           2%         N/A       26%         1
 Freeze                   Ice            4%         1d3       26%         1
 Lesser Beckoning         Tloc           22%        N/A       26%         3
 Ignite Poison            Fire/Tmut/Pois 10%        N/A       30%         3
 Wereblood                Tmut           1%         N/A       36%         2
 Flame Wave               Conj/Fire      16%        2d7       43%         4
 Sticky Flame             Conj/Fire      16%        2d4       43%         4
 Hailstorm                Conj/Ice       4%         3d4       52%         3
 Frozen Ramparts          Ice            2%         1d1       61%         3
 Spider Form              Tmut/Pois      1%         N/A       61%         3
 Ignition                 Fire           13%        3d6       100%        8


Dungeon Overview and Level Annotations

Branches:
Dungeon (5/15)
 Temple: D:4-7

Altars:

Shops:
D:1 =


Innate Abilities, Weirdness & Mutations

You have a beak for a mouth.
You have claws for feet.
Your magical nature lets you fly swiftly and evasively.


Message History

The vampire mosquito draws strength from your injuries!
The orc wizard gestures at you while chanting.
The puff of flame misses you.
The puff of flame hits the vampire mosquito!
The vampire mosquito is burned terribly!
The vampire mosquito barely misses you.
Casting: Scorch (safe; 2% risk of failure)
Confirm with . or Enter, or press ? or * to list all spells.
Flames lash the vampire mosquito.
The vampire mosquito is burned terribly!
The vampire mosquito is severely damaged.
The vampire mosquito misses you. The orc wizard closely misses you.
The vampire mosquito bites you.
* * * LOW HITPOINT WARNING * * *
The vampire mosquito draws strength from your injuries!
Casting: Scorch (safe; 2% risk of failure)
Confirm with . or Enter, or press ? or * to list all spells.
Flames lash the orc wizard.
The orc wizard is burned terribly!
You kill the orc wizard!
The vampire mosquito bites you.
* * * LOW HITPOINT WARNING * * *
The vampire mosquito draws strength from your injuries!
The vampire mosquito closely misses you.
Casting: Scorch (safe; 2% risk of failure)
Confirm with . or Enter, or press ? or * to list all spells.
Flames lash the vampire mosquito.
The vampire mosquito is burned terribly!
The vampire mosquito is almost destroyed.
The vampire mosquito bites you!
* * * LOW HITPOINT WARNING * * *
The vampire mosquito draws strength from your injuries!
The vampire mosquito closely misses you.
Casting: Scorch (safe; 2% risk of failure)
Confirm with . or Enter, or press ? or * to list all spells.
You don't have enough magic to cast this spell.
Unknown command.
You hit the vampire mosquito. Your peck misses the vampire mosquito.
The vampire mosquito is almost destroyed.
The vampire mosquito bites you.
You die...

#.# #.# #........#.# #.#
#.# #.##.#.###.# #.# #.#
#.##...# #.# #.# #.#
#.###..# #.# #.# #.## #.#
#..# #.# #.# #..# #.# #).#
#.# #ยง# ##.# #.# #..# #.#
#.####.# #.###..###.#
....##.# #.)@y......#
..#.##.# #####..#####
###.##.# #..# #.##.# #..#
#.##.# #..#########
#.##.###########..........#
#................########.#
####.############## #.#
######.............)# #.#


You could see a vampire mosquito (combustible).

Vanquished Creatures
  A vampire mosquito (D:5)
  An ogre (D:5)
  A centaur (D:5)
  A phantom (D:5)
  A necrophage (D:4)
  A hound (D:5)
  A jelly (D:4)
  3 orc priests
  2 iguanas (D:5)
  5 orc wizards
  10 gnolls
  3 adders (D:2)
  2 worms
  3 dart slugs
  11 orcs
  7 bats
  6 endoplasms
  2 giant cockroaches (D:1)
  6 goblins
  3 hobgoblins
  7 jackals
  5 quokkas
  8 ball pythons
  A frilled lizard (D:2)
  7 kobolds
  5 rats
103 creatures vanquished.

Vanquished Creatures (others)
  298 foxfires
298 creatures vanquished.

Grand Total: 401 creatures vanquished

Notes
Turn   | Place    | Note
-------+----------+-------------------------------------------
     0 | D:1      | AigisTheKnight the Tengu Fire Elementalist began the quest
                  | for the Orb.
     0 | D:1      | Reached XP level 1. HP: 10/10 MP: 4/4
   188 | D:1      | Reached skill level 1 in Fighting
   188 | D:1      | Reached XP level 2. HP: 16/16 MP: 1/6
   250 | D:1      | Found Toij's Jewellery Shop.
   719 | D:1      | Reached XP level 3. HP: 20/20 MP: 4/7
   729 | D:1      | Reached skill level 4 in Fire Magic
  1962 | D:2      | Reached XP level 4. HP: 26/26 MP: 2/8
  2879 | D:3      | Found a faded altar of an unknown god.
  3001 | D:3      | Gained mutation: Your magical nature lets you fly swiftly
                  | and evasively. [Tengu growth]
  3001 | D:3      | Reached XP level 5. HP: 8/32 MP: 2/9
  3121 | D:3      | You are sucked into a shaft and drop 1 floor!
  3185 | D:3      | Reached skill level 5 in Fire Magic
  3660 | D:4      | Learned a level 2 spell: Scorch
  4110 | D:4      | Reached XP level 6. HP: 38/38 MP: 2/10
  4728 | D:4      | Reached skill level 1 in Translocations
  4738 | D:4      | Reached skill level 6 in Fire Magic
  5066 | D:5      | Entered Level 5 of the Dungeon
  5073 | D:5      | Reached XP level 7. HP: 44/44 MP: 3/11
  6096 | D:5      | Noticed a vampire mosquito
  6096 | D:5      | Noticed a vampire mosquito
  6104 | D:5      | Killed a vampire mosquito
  6105 | D:5      | Reached skill level 5 in Fighting
  6105 | D:5      | Reached XP level 8. HP: 31/49 MP: 3/12
  6621 | D:4      | HP: 2/49 [vampire mosquito (7)]
  6622 | D:4      | Slain by a vampire mosquito

Illustrated notes

Levels and vault maps discovered:
D:1:      ncdulo_lavacross, layout_loops_ring, serial_shops,
          nicolae_shop_temple_entry_statues_fountains
D:2:      layout_basic, kennysheep_cross_bottleneck
D:3:      layout_basic, hellmonk_ecumenical_altar_inner_sanctum
D:4:      layout_loops_ring
D:5:      layout_loops_ring, serial_co_window_serial, co_window_paths_b,
          co_window_paths_b, co_window_of_opportunity_a, co_window_corner_a,
          co_window_paths_a, co_window_broadway_b, co_window_corner_b,
          co_window_corner_b, co_window_corner_ca, glass_columns_a,
          glass_columns_b

Skill      XL: |  1  2  3  4  5  6  7 |
---------------+----------------------+-----
Fighting       | 1 2 3 4 5 |  5.2
Fire Magic     | 4 5 6 |  6.8
Translocations | 1 2 |  2.6
Dodging        | 4 |  4.3
Stealth        | |  2.0
Spellcasting   | |  2.0
Conjurations   | |  1.3

Action                   |  1- 3 |  4- 6 |  7- 9 || total
-------------------------+-------+-------+-------++-------
Melee: Unarmed           |     4 |       |       ||     4
       Kick              |     7 |    19 |     1 ||    27
       Dagger            |    31 |    51 |     8 ||    90
       Peck              |     3 |    13 |     2 ||    18
       Whip              |       |    10 |       ||    10
       Punch             |       |     1 |       ||     1
 Cast: Foxfire           |    97 |   102 |    41 ||   240
       Scorch            |       |    17 |    28 ||    45
 Stab: Sleeping          |     1 |     4 |       ||     5
Armor: Robe              |     8 |     1 |       ||     9
       Leather armour    |       |     7 |     3 ||    10
Dodge: Dodged            |    37 |    56 |    31 ||   124

Table legend: (Time is in decaauts)
 A = Elapsed time spent in this place.
 B = Non-inter-level travel time spent in this place.
 C = Inter-level travel time spent in this place.
 D = Time resting spent in this place.
 E = Time spent auto-exploring this place.
 F = Levels seen in this place.
 G = Mean time per level.
                   A        B        C        D        E       F      G
               +--------+--------+--------+--------+--------+-----+--------+
         Total |   6445 |   6210 |    235 |    946 |   4176 |   5 | 1289.0 |
       Dungeon |   6445 |   6210 |    235 |    946 |   4176 |   5 | 1289.0 |
               +--------+--------+--------+--------+--------+-----+--------+

Top non-repeatable levels by time:
     D:2: 1553 daAuts
     D:4: 1468 daAuts
     D:5: 1314 daAuts
     D:1: 1253 daAuts
     D:3: 855 daAuts
